 Dungeon Crawl Stone Soup version 0.21-a0-286-g6fcecc0 (webtiles) character file.

134 Jor the Vexing (level 4, -2/21 HPs)
             Began as a Spriggan Enchanter on Sept 27, 2017.
             Killed by divine providence
             ... invoked by an orc priest
              (10 damage)
             ... on level 4 of the Dungeon.
             The game lasted 00:09:13 (4272 turns).

Jor the Vexing (Spriggan Enchanter)                 Turns: 4272, Time: 00:09:13

Health: -2/21      AC:  4    Str:  4    XL:     4   Next: 95%
Magic:  11/11      EV: 18    Int: 17    God:
Gold:   149        SH:  0    Dex: 16    Spells: 3/12 levels left

rFire    . . .     SeeInvis +   e - -3 dagger (curse)
rCold    . . .     Gourm    .   (shield restricted)
rNeg     . . .     Faith    .   b - +2 robe
rPois    .         Spirit   .   (helmet restricted)
rElec    .         Reflect  .   (no cloak)
rCorr    .         Harm     .   (gloves unavailable)
MR       +....                  (boots unavailable)
Stlth    +++.......             i - amulet of rage
HPRegen  0.07/turn              k - ring of protection from magic
MPRegen  0.12/turn              (no ring)

@: very quick
A: unfitting armour, see invisible, herbivore 3, speed 3, slow metabolism 2
a: Evoke Berserk Rage


You were on level 4 of the Dungeon.
You were not hungry.

You visited 1 branch of the dungeon, and saw 4 of its levels.

You collected 149 gold pieces.

Inventory:

Hand Weapons
 a - a +1 dagger
 e - a cursed -3 dagger (weapon)
Armour
 b - a +2 robe (worn)
Jewellery
 i - an amulet of rage (around neck)
 k - a ring of protection from magic (left hand)
 l - an uncursed amulet of guardian spirit {unknown}
Wands
 j - a wand of random effects (48/48)
 m - a wand of flame (33/48)
Scrolls
 n - a scroll of teleportation
 o - a scroll of magic mapping
Potions
 f - 2 potions of magic
 g - 2 potions of curing {unknown}
Books
 c - a book of Maledictions

   Spells                             Type                      Level
   a - Corona                         Hexes                        1
   b - Ensorcelled Hibernation        Hexes/Ice                    2
   c - Confuse                        Hexes                        3
   d - Tukima's Dance                 Hexes                        3
   e - Dazzling Spray                 Conjuration/Hexes            3
Comestibles
 d - 2 bread rations
 h - a fruit


   Skills:
 - Level 1.1 Short Blades
 - Level 3.0 Dodging
 - Level 4.4 Stealth
 + Level 4.8 Spellcasting
 + Level 5.5 Hexes


You had 3 spell levels left.
You knew the following spells:

 Your Spells              Type           Power        Failure   Level  Hunger
a - Ensorcelled Hibernat  Hex/Ice        ##....       7%          2    #......
b - Corona                Hex            ###....      1%          1    None
c - Confuse               Hex            ###.....     4%          3    ###....
d - Tukima's Dance        Hex            ###.....     4%          3    ###....


Dungeon Overview and Level Annotations

Branches:
Dungeon (4/15)
 Temple: D:4-7

Altars:
Ashenzari
Kikubaaqudgha
Makhleb


Innate Abilities, Weirdness & Mutations

You are very small and have problems with some larger weapons.
You are too small for most types of armour.
You have supernaturally acute eyesight. (SInv)
You are a herbivore.
You cover ground extremely quickly.
You need consume almost no food.


Message History

Confirm with . or Enter, or press ? or * to list all spells.
Aiming: Ensorcelled Hibernation
Press: ? - help, Shift-Dir - straight line, f - jackal
Aim: a jackal (chance to defeat MR: 62%)
The jackal looks drowsy...
The helpless jackal fails to defend itself.
You puncture the jackal!
You kill the jackal!
You start resting.
Magic restored.
You start waiting.
Done waiting.
You climb downwards.
The orc priest calls down the wrath of Beogh upon you.
Beogh smites you!
Ouch! That really hurt!
There is a stone staircase leading up, spattered with blood here.
The orc priest invokes the aid of Beogh against you.
Beogh smites you!
You die...

.........o ..####....
#.###..... ## #..%......
.. .
#..>.....#.S###.##### ..
#.>.........#.......#...
#.....###...#......(..#
#.....# ......#.#...###
#....)# #.....)@...o..#
#.....# #.....#.#..h...
#.Wl..####..............
........).............h.
#l....####..............
##....##................
###.#.#..#..............
....#.................S.
.######.##.......#.....#


You could see an orc priest, 2 jackals and a ball python (wandering).

Vanquished Creatures
  An orc wizard (D:3)
  4 adders
  A worm (D:2)
  3 dart slugs
  2 leopard geckos
  2 orcs (D:4)
  A ball python (D:4)
  5 goblins (D:1)
  5 hobgoblins
  9 jackals
  5 bats
  3 frilled lizards
  6 kobolds
  12 rats
59 creatures vanquished.

Notes
Turn   | Place    | Note
-------+----------+-------------------------------------------
     0 | D:1      | Jor the Spriggan Enchanter began the quest for the Orb.
     0 | D:1      | Reached XP level 1. HP: 9/9 MP: 5/5
   495 | D:1      | Reached XP level 2. HP: 13/13 MP: 5/7
   499 | D:1      | Learned a level 2 spell: Ensorcelled Hibernation
   598 | D:1      | Reached skill level 4 in Hexes
  1339 | D:1      | Reached XP level 3. HP: 13/16 MP: 6/9
  1835 | D:1      | Learned a level 3 spell: Confuse
  1839 | D:1      | Learned a level 3 spell: Tukima's Dance
  1923 | D:2      | Found a faded altar of an unknown god.
  2369 | D:2      | Found an ancient bone altar of Kikubaaqudgha.
  2402 | D:2      | Found a burning altar of Makhleb.
  2402 | D:2      | Noticed a balrug
  2938 | D:3      | Found a shattered altar of Ashenzari.
  2942 | D:3      | Saw a vision of the Shoals and the Snake Pit.
  2942 | D:3      | Noticed a salamander
  2942 | D:3      | Noticed a merfolk
  2942 | D:3      | Noticed a merfolk
  2942 | D:3      | Noticed a merfolk
  2942 | D:3      | Noticed a hippogriff
  2942 | D:3      | Noticed a merfolk siren
  2942 | D:3      | Noticed a naga mage
  2942 | D:3      | Noticed a mana viper
  2943 | D:3      | Noticed a merfolk
  2943 | D:3      | Noticed a hippogriff
  2944 | D:3      | Noticed a merfolk
  2945 | D:3      | Noticed an anaconda
  3204 | D:4      | Reached XP level 4. HP: 18/21 MP: 8/11
  3268 | D:4      | Reached skill level 5 in Hexes
  3287 | D:4      | Noticed a phantom
  4272 | D:4      | Killed from afar by an orc priest

Vault maps used:
D:1:      dpeg_arrival_more_subterranean_lakeside_camping, st_stairs_12,
          minmay_misc_feat_tiny
D:2:      nicolae_overflow_hidden_temple, makhleb_altar_promises_db,
          chequers_ecumenical_altar_island
D:3:      grunt_ashenzari_visionary
D:4:      first_bread, st_stairs_14, hex_medium, sigmund_edmund_badplayer

Skill      XL: |  1  2  3  4 |
---------------+-------------+-----
Spellcasting   | 3 4 |  4.8
Hexes          | 4 5 |  5.5
Short Blades   | |  1.1
Dodging        | |  3.0
Stealth        | |  4.4

Action                   |  1- 3 |  4- 6 || total
-------------------------+-------+-------++-------
Melee: Dagger            |   202 |    26 ||   228
 Cast: Corona            |    11 |       ||    11
       Ensorcelled Hiber |    24 |    14 ||    38
 Abil: Evoke Berserk Rag |     1 |     1 ||     2
  Use: Scroll            |     7 |     1 ||     8
 Stab: Sleeping          |    17 |     7 ||    24
       Distracted        |     1 |       ||     1
  Eat: Fruit             |     4 |       ||     4
Armor: Robe              |    22 |     6 ||    28
Dodge: Dodged            |   177 |    19 ||   196

Table legend:
 A = Spawn XP
 B = Non-spawn XP
 C = Spawn XP percentage of total XP
 D = Spawn monster count
 E = Non-spawn monster count
 F = Spawn count percentage of total count
 G = Total turns spent on level
                    A         B        C        D         E        F      G
               +---------+---------+-------+---------+---------+-------+---------
         Total |       0 |     192 |   0.0 |       0 |      59 |   0.0 |  4272
               +---------+---------+-------+---------+---------+-------+---------
           D:1 |       0 |      52 |   0.0 |       0 |      33 |   0.0 |  1666
           D:2 |       0 |      23 |   0.0 |       0 |       9 |   0.0 |   964
           D:3 |       0 |      93 |   0.0 |       0 |      12 |   0.0 |  1382
           D:4 |       0 |      24 |   0.0 |       0 |       5 |   0.0 |   260
               +---------+---------+-------+---------+---------+-------+---------
